 Dungeon Crawl Stone Soup version 0.17.0-28-g6e173f8 (webtiles) character file.

269 Ivanskos the Covered (level 6, -5/56 HPs)
             Began as a Deep Dwarf Fighter on Nov 30, 2015.
             Slain by an ogre
             ... wielding a +0 giant spiked club
              (10 damage)
             ... on level 4 of the Dungeon.
             The game lasted 00:16:12 (2409 turns).

Ivanskos the Covered (Deep Dwarf Fighter)           Turns: 2409, Time: 00:16:12

Health: -5/56      AC: 11    Str: 22    XL:     6   Next: 1%
Magic:  6/6        EV:  9    Int:  8    God:
Gold:   172        SH: 10    Dex: 12    Spells: 0 memorised, 5 levels left

rFire  . . .     SeeInvis .     t - +2 mace (holy)
rCold  + . .     Clarity  .     b - +0 scale mail
rNeg   . . .     SustAt   .     c - +0 shield
rPois  .         Gourm    .     s - +0 helmet
rElec  .         Spirit   .     v - +2 cloak
rCorr  .         Warding  .     (no gloves)
rMut   +         Stasis   .     (no boots)
MR     .....                    o - amulet of resist mutation
Stlth  ..........               u - +3 ring of protection
                                a - ring of protection from cold

@: non-regenerating, not resistant to hostile enchantments, extremely unstealthy
A: damage resistance, recharge devices, deformed body, sense surroundings 2,
slow regeneration 3
a: Device Recharging


You were on level 4 of the Dungeon.
You were not hungry.

You visited 1 branch of the dungeon, and saw 4 of its levels.

You collected 172 gold pieces.

Inventory:

Hand Weapons
 t - a +2 mace of holy wrath (weapon)
Armour
 b - a +0 scale mail (worn)
 c - a +0 shield (worn)
 s - a +0 helmet (worn)
 v - a +2 cloak (worn)
Jewellery
 a - a ring of protection from cold (left hand)
 o - an amulet of resist mutation (around neck)
 u - a +3 ring of protection (right hand)
Wands
 e - a wand of heal wounds (5)
Scrolls
 j - a scroll of teleportation
 l - a scroll of recharging
 n - a scroll of remove curse
 q - a scroll of enchant weapon
Potions
 d - a potion of might
 g - 3 potions of cancellation
 h - a potion of curing
 m - a potion of berserk rage
 p - a potion of flight
 r - a potion of resistance
 w - a potion of ambrosia
Comestibles
 f - 5 bread rations
 i - 2 meat rations


   Skills:
 + Level 3.5 Fighting
 + Level 3.4 Maces & Flails
 + Level 4.1 Armour
 + Level 3.3 Dodging
 + Level 4.1 Shields


You had 5 spell levels left.
You didn't know any spells.

Dungeon Overview and Level Annotations

Branches:
Dungeon (4/15)
 Temple: D:4-7

Altars:
Elyvilon
Okawaru


Innate Abilities, Weirdness & Mutations

You are resistant to damage.
You can recharge devices by infusing magical energy.
You passively map the area around you.
You do not regenerate naturally.
Armour fits poorly on your strangely shaped body.


Message History

u - a +3 ring of protection (right hand)
o - an amulet of resist mutation (around neck)
Okay, then.
Found a stone staircase leading up.
Found a long sword.
An ogre comes into view. It is wielding a giant spiked club.
The ogre shouts!
You completely miss the ogre.
The ogre hits you with a giant spiked club!!
* * * LOW HITPOINT WARNING * * *
You are too injured to fight recklessly!
You are too injured to fight recklessly!
You are too injured to fight recklessly!
You are too injured to fight recklessly!
You are too injured to fight recklessly!
You are too injured to fight recklessly!
You sock the ogre!
The ogre is moderately wounded.
The ogre hits you with a giant spiked club!
You die...

#..#..#
..).#*
#.##.##*,
...#
##.##.# *
##<.
#..##.# *,
* *
#.#...# *
* , ,,
####.#.###
* #......#
* *
#....###
#...@# *>
#....O.# *
#......# *
##....##
#....#
#....#
######


You could see an ogre.

Vanquished Creatures
  A hound (D:4)
  3 gnolls (D:3)
  10 adders
  A shadow imp (D:4)
  An adder skeleton (D:4)
  2 oozes (D:3)
  6 worms
  5 orcs (D:3)
  7 giant cockroaches
  7 goblins
  10 hobgoblins
  6 jackals
  3 kobolds (D:1)
  A quokka (D:2)
  9 bats
  6 giant newts
  4 rats
82 creatures vanquished.

Notes
Turn   | Place    | Note
--------------------------------------------------------------
     0 | D:1      | Ivanskos the Deep Dwarf Fighter began the quest for the Orb.
     0 | D:1      | Reached XP level 1. HP: 20/20 MP: 1/1
   188 | D:1      | Reached skill level 1 in Dodging
   188 | D:1      | Reached XP level 2. HP: 21/27 MP: 2/2
   442 | D:1      | Reached XP level 3. HP: 15/33 MP: 3/3
   864 | D:2      | Reached XP level 4. HP: 14/42 MP: 4/4
   870 | D:2      | HP: 2/42 [worm (3)]
  1688 | D:3      | Found a white marble altar of Elyvilon.
  1777 | D:3      | Reached XP level 5. HP: 38/49 MP: 5/5
  2060 | D:3      | Reached skill level 4 in Armour
  2205 | D:4      | Gained mutation: You are partially covered in yellow scales (AC +2). [potion of mutation]
  2205 | D:4      | Gained mutation: You are clumsy. (Dex -2) [potion of mutation]
  2205 | D:4      | Lost mutation: You are clumsy. (Dex -2) [potion of mutation]
  2206 | D:4      | Lost mutation: You are partially covered in yellow scales (AC +2). [potion of mutation]
  2206 | D:4      | Gained mutation: You passively map the area around you. [potion of mutation]
  2206 | D:4      | Gained mutation: Armour fits poorly on your strangely shaped body. [potion of mutation]
  2278 | D:4      | Found an iron altar of Okawaru.
  2355 | D:4      | Reached XP level 6. HP: 21/56 MP: 6/6
  2405 | D:4      | Noticed an ogre
  2409 | D:4      | Slain by an ogre

Action                   |  1- 3 |  4- 6 || total
-------------------------+-------+-------++-------
Melee: Flail             |   144 |   146 ||   290
       Mace              |       |    47 ||    47
Evoke: Wand              |     1 |     2 ||     3
  Use: Scroll            |       |    14 ||    14
       Potion            |       |     2 ||     2
  Eat: Pizza             |       |     2 ||     2
       Bread ration      |       |     1 ||     1
